 Dungeon Crawl Stone Soup version 0.27.1-4-g1640c2035a (webtiles) character file.

Game seed: 13377450105196010128

9755 adizb the Slicer (level 11, -5/74 HPs)
             Began as an Octopode Brigand on Nov 14, 2021.
             Was a Priest of Dithmenos.
             Slain by a komodo dragon (33 damage)
             ... on level 1 of the Lair of Beasts.
             The game lasted 01:05:29 (6866 turns).

adizb the Slicer (Octopode Brigand)                 Turns: 6866, Time: 01:05:30

Health: -5/74      AC:  1    Str: 10    XL:     11   Next: 51%
Magic:  20/20      EV: 16    Int: 15    God:    Dithmenos [***...]
Gold:   193        SH:  0    Dex: 16    Spells: 5/10 levels left

rFire    . . .     SeeInvis +   d - +7 dagger of Dishonesty {vorpal, rPois rN+}
rCold    + . .     Faith    .   (no shield)
rNeg     + . .     Spirit   .   (helmet restricted)
rPois    +         Reflect  .   y - amulet of regeneration
rElec    .         Harm     .   f - ring of resist corrosion
rCorr    +         Rampage  .   g - ring of wizardry
Will     .....                  l - ring of magical power
Stlth    ++++++++..             s - ring of protection from cold
HPRegen  1.22/turn              u - ring of see invisible
MPRegen  0.17/turn              x - ring of wizardry
                                (no ring)
                                (no ring)

@: wreathed by umbra
A: almost no armour, amphibious, 8 rings, camouflage 1, gelatinous body 1,
(nimble swimmer 1), tentacles
a: Renounce Religion, Shadow Step


You were on level 1 of the Lair of Beasts.
You worshipped Dithmenos.
Dithmenos was most pleased with you.
You visited 3 branches of the dungeon, and saw 11 of its levels.

You collected 613 gold pieces.
You spent 420 gold pieces at shops.

Inventory:

Hand Weapons
 d - the +7 dagger of Dishonesty (weapon) {vorpal, rPois rN+}
   (You found it on level 8 of the Dungeon)

   It inflicts extra damage upon your enemies.
   rPois:     It protects you from poison.
   rN:        It protects you from negative energy.
 k - a +2 short sword of holy wrath
 o - a +2 dagger of freezing
Missiles
 b - 26 poisoned darts (quivered)
 v - a throwing net
Jewellery
 f - a ring of resist corrosion (left tentacle)
 g - a ring of wizardry (right tentacle)
 l - a ring of magical power (on tentacle)
 s - a ring of protection from cold (on tentacle)
 u - a ring of see invisible (on tentacle)
 x - a ring of wizardry (on tentacle)
 y - an amulet of regeneration (around mantle)
Wands
 e - a wand of flame (12)
 p - a wand of iceblast (2)
 r - a wand of digging (3)
 t - a wand of acid (10)
Scrolls
 h - 3 scrolls of enchant armour
 j - 7 scrolls of teleportation
 q - a scroll of amnesia {unknown}
 D - a scroll of enchant weapon {unknown}
 E - a scroll of torment {unknown}
 F - 2 scrolls of silence
 G - a scroll of magic mapping
Potions
 a - 2 potions of lignification {unknown}
 c - 2 potions of flight
 i - 3 potions of might
 m - 2 potions of brilliance {unknown}
 n - a potion of cancellation {unknown}
 w - a potion of ambrosia {unknown}
 z - a potion of mutation {unknown}
 B - a potion of haste {unknown}
 C - 3 potions of degeneration {unknown}


   Skills:
 * Level 6.6 Fighting
 + Level 12.2 Short Blades
 + Level 6.1 Throwing
 + Level 5.7 Dodging
 + Level 11.1 Stealth
 + Level 2.4 Translocations


You had 5 spell levels left.
You knew the following spells:

 Your Spells              Type           Power      Damage    Failure   Level
a - Searing Ray           Conj           0%         3d3       11%         2
b - Teleport Other        Tloc           7%         N/A       9%          3

Your spell library contained the following spells:

 Spells                   Type           Power      Damage    Failure   Level
 Apportation              Tloc           14%        N/A       2%          1
 Animate Skeleton         Necr           0%         N/A       7%          1
 Corona                   Hex            0%         N/A       7%          1
 Magic Dart               Conj           0%         1d3       7%          1
 Summon Small Mammal      Summ           0%         N/A       7%          1
 Gell's Gravitas          Tloc           3%         N/A       9%          3
 Lesser Beckoning         Tloc           3%         N/A       9%          3
 Corpse Rot               Necr/Air       N/A        N/A       11%         2
 Poisonous Vapours        Pois/Air       0%         N/A       11%         2
 Fulminant Prism          Conj/Hex       0%         3d6       54%         4
 Summon Lightning Spire   Summ/Air       0%         N/A       54%         4
 Freezing Cloud           Conj/Ice/Air   0%         6-21      85%         5
 Storm Form               Tmut/Air       0%         N/A       100%        7
 Maxwell's Capacitive Co  Air            0%         ∞         100%        8


Dungeon Overview and Level Annotations

Branches:
Dungeon (9/15)             Temple (1/1) D:5            Lair (1/6) D:9
    Orc: D:9-12

Altars:
Ashenzari
Cheibriados
Dithmenos
Elyvilon
Fedhas
Gozag
Hepliaklqana
Kikubaaqudgha
Makhleb
Nemelex Xobeh
Okawaru
Qazlal
Ru
Sif Muna
Trog
Uskayaw
Vehumet
Wu Jian
Xom
Yredelemnul
Zin
The Shining One

Shops:
D:7 =?[=


Innate Abilities, Weirdness & Mutations

You cannot wear most types of armour.
You are amphibious.
You can wear up to eight rings at the same time.
Your skin changes colour to match your surroundings (Stealth+).
Your rubbery body absorbs attacks. (AC +1, EV +1)
((You are camouflaged near water. (Stealth+)))
You have tentacles for arms and can constrict up to eight enemies at once.


Message History

You squeeze the komodo dragon, but do no damage.
The komodo dragon is moderately wounded.
The komodo dragon bites you!!
You closely miss the komodo dragon.
The komodo dragon is moderately wounded.
You hit the komodo dragon but do no damage.
Your squeeze misses the komodo dragon.
The komodo dragon is moderately wounded.
The komodo dragon closely misses you.
You hit the komodo dragon. You squeeze the komodo dragon.
The komodo dragon is heavily wounded.
You hit the komodo dragon.
The komodo dragon is heavily wounded.
The komodo dragon barely misses you.
You completely miss the komodo dragon.
The komodo dragon is heavily wounded.
You hit the komodo dragon.
The komodo dragon is heavily wounded.
The komodo dragon barely misses you.
You hit the komodo dragon but do no damage.
You squeeze the komodo dragon.
The komodo dragon is severely wounded.
You closely miss the komodo dragon.
The komodo dragon is severely wounded.
The komodo dragon bites you!!
* * * LOW HITPOINT WARNING * * *
You barely miss the komodo dragon. You squeeze the komodo dragon.
The komodo dragon is severely wounded.
You closely miss the komodo dragon.
You squeeze the komodo dragon, but do no damage.
The komodo dragon is severely wounded.
The komodo dragon bites you!
* * * LOW HITPOINT WARNING * * *
You feel much better. The komodo dragon closely misses you.
You hit the komodo dragon but do no damage.
The komodo dragon is severely wounded.
You barely miss the komodo dragon. Your squeeze misses the komodo dragon.
The komodo dragon is severely wounded.
The komodo dragon bites you!!
You die...

##..........#
##..........##
.........#...##
##........#...P#
#........?# ...#
..........##...##
#...............
##.....†..P##P.
#...l@P####
#......†#
##.....## #.....#
#....## ##...
##P. ###


You could see a komodo dragon.

Vanquished Creatures
  A death knight (D:9)
  A two-headed ogre (D:9)
  An ugly thing (D:9)
  2 cane toads (Lair:1)
  A kobold demonologist (D:9)
  A komodo dragon (Lair:1)
  A hornet (D:9)
  Grinder (D:5)
  Sigmund (D:4)
  A wyvern (D:9)
  4 basilisks
  2 steam dragons (D:9)
  15 yaks
  A vampire mosquito (D:9)
  An acid dragon (D:9)
  3 water moccasins
  2 orc warriors
  A sky beast (D:6)
  A necrophage (D:5)
  2 ogres
  A centaur (D:8)
  2 phantoms
  A kobold brigand (D:5)
  5 bullfrogs
  A gnoll sergeant (D:6)
  4 scorpions
  A wyvern zombie (D:7)
  A wyvern skeleton (D:7)
  A killer bee (D:9)
  3 wights (D:9)
  2 howler monkeys (D:8)
  A bullfrog zombie (D:5)
  A jelly (D:5)
  3 centaur zombies
  3 bullfrog skeletons
  3 hounds
  4 orc priests
  Natasha (thrice) (D:2)
  A centaur skeleton (D:6)
  3 iguanas
  Ijyb (D:5)
  5 orc wizards
  A howler monkey zombie (D:9)
  9 gnolls
  3 adders
  A shadow imp (D:5)
  A white imp (D:7)
  An ufetubus (D:5)
  2 worms
  7 dart slugs
  29 orcs
  6 bats
  8 endoplasms
  A giant cockroach (D:1)
  13 goblins
  6 hobgoblins
  17 kobolds
  6 ball pythons
  3 frilled lizards
  4 rats
211 creatures vanquished.

Vanquished Creatures (others)
  3 fungi (D:9)
  15 plants (D:9)
18 creatures vanquished.

Grand Total: 229 creatures vanquished

Notes
Turn   | Place    | Note
-------+----------+-------------------------------------------
     0 | D:1      | adizb the Octopode Brigand began the quest for the Orb.
     0 | D:1      | Reached XP level 1. HP: 14/14 MP: 1/1
   138 | D:1      | Reached XP level 2. HP: 10/19 MP: 2/2
   473 | D:1      | Reached XP level 3. HP: 23/24 MP: 3/3
  1023 | D:2      | Noticed Natasha
  1031 | D:2      | Killed Natasha
  1032 | D:2      | Reached XP level 4. HP: 23/30 MP: 4/4
  1069 | D:2      | Noticed Natasha
  1076 | D:2      | Killed Natasha
  1085 | D:2      | Noticed Natasha
  1105 | D:2      | Killed Natasha
  1106 | D:2      | Reached XP level 5. HP: 5/36 MP: 5/5
  1552 | D:3      | Noticed an ogre
  1591 | D:3      | Killed an ogre
  1592 | D:3      | Reached skill level 3 in Short Blades
  1592 | D:3      | Reached XP level 6. HP: 13/42 MP: 6/6
  1958 | D:3      | Noticed a golden eye
  1960 | D:3      | Found a faded altar of an unknown god.
  1961 | D:3      | Noticed an eye of devastation
  1961 | D:3      | Noticed a great orb of eyes
  1961 | D:3      | Noticed a shining eye
  2109 | D:4      | Reached XP level 7. HP: 7/47 MP: 7/7
  2137 | D:4      | Noticed Sigmund
  2736 | D:4      | Killed Sigmund
  2748 | D:5      | Entered Level 5 of the Dungeon
  2841 | D:5      | Reached skill level 4 in Short Blades
  2858 | D:5      | Reached XP level 8. HP: 47/54 MP: 8/8
  2868 | D:5      | Found a staircase to the Ecumenical Temple.
  2877 | Temple   | Entered the Ecumenical Temple
  3217 | Temple   | Became a worshipper of Dithmenos the Shadowed
  3426 | D:5      | Noticed Ijyb
  3431 | D:5      | Noticed Grinder
  3432 | D:5      | Killed Ijyb
  3439 | D:5      | Killed Grinder
  3579 | D:5      | Found a sparkling altar of Nemelex Xobeh.
  3585 | D:5      | Found a sacrificial altar of Ru.
  3587 | D:5      | Found an ancient bone altar of Kikubaaqudgha.
  3588 | D:5      | Found a snail-covered altar of Cheibriados.
  3590 | D:5      | Found a glowing golden altar of the Shining One.
  3591 | D:5      | Found a hide-covered altar of Uskayaw.
  3592 | D:5      | Found a radiant altar of Vehumet.
  3802 | D:6      | Reached skill level 5 in Fighting
  3802 | D:6      | Reached skill level 5 in Throwing
  4120 | D:6      | Reached XP level 9. HP: 59/61 MP: 9/9
  4187 | D:6      | Reached skill level 10 in Stealth
  4196 | D:5      | Reached * piety under Dithmenos
  4197 | D:5      | Reached skill level 5 in Short Blades
  4250 | D:6      | Reached skill level 5 in Dodging
  4277 | D:6      | HP: 1/61 [gnoll (8)]
  4685 | D:7      | Found Rieso's Jewellery Shoppe.
  4789 | D:7      | Found Vuutov's Magic Scroll Shoppe.
  4812 | D:7      | Learned a level 2 spell: Searing Ray
  4816 | D:7      | Learned a level 3 spell: Teleport Other
  4954 | D:7      | Found Xajefiph's Armour Emporium.
  4991 | D:7      | Found Hoel's Jewellery Emporium.
  5205 | D:7      | Bought an amulet of regeneration for 420 gold pieces
  5291 | D:8      | Reached skill level 6 in Short Blades
  5590 | D:8      | Reached skill level 7 in Short Blades
  5655 | D:8      | Identified the +7 dagger of Dishonesty {vorpal, rPois rN+}
  5761 | D:8      | Reached skill level 8 in Short Blades
  5783 | D:8      | Reached XP level 10. HP: 49/66 MP: 10/10
  5794 | D:8      | Reached skill level 9 in Short Blades
  5829 | D:8      | Found a bloodstained altar of Trog.
  5915 | D:8      | Reached ** piety under Dithmenos
  6032 | D:9      | Noticed a kobold demonologist
  6037 | D:9      | Killed a kobold demonologist
  6066 | D:9      | Reached skill level 10 in Short Blades
  6305 | D:9      | Noticed a green ugly thing
  6307 | D:9      | Reached skill level 11 in Short Blades
  6309 | D:9      | Killed a green ugly thing
  6393 | D:9      | Found a staircase to the Lair.
  6495 | D:9      | Reached skill level 12 in Short Blades
  6536 | D:9      | Noticed a two-headed ogre
  6540 | D:9      | Killed a two-headed ogre
  6541 | D:9      | Reached skill level 1 in Translocations
  6541 | D:9      | Reached XP level 11. HP: 72/72 MP: 11/11
  6608 | D:9      | Noticed a death knight
  6611 | D:9      | Killed a death knight
  6704 | Lair:1   | Entered Level 1 of the Lair of Beasts
  6813 | Lair:1   | Reached *** piety under Dithmenos
  6866 | Lair:1   | Slain by a komodo dragon

Illustrated notes

Levels and vault maps discovered:
D:1:      sevenhm_arrival_forest_fort_small_5, layout_basic, st_stairs_2
D:2:      minmay_wonky_spiral, layout_loops_ring, uniq_natasha
D:3:      layout_rooms, hellmonk_ecumenical_altar_watching_god,
          minmay_ogre_servants
D:4:      layout_basic, uniq_sigmund
D:5:      layout_basic, minitemple, minmay_temple_entry_glass, serial_glass,
          glass_columns_b, glass_columns_a, glass_columns_b, glass_columns_a,
          glass_columns_c, glass_columns_b, glass_columns_b, glass_columns_b,
          glass_columns_b, glass_columns_c, glass_columns_a, glass_columns_a,
          glass_columns_c, glass_columns_a, minmay_strange_pillars,
          feat_on_display, uniq_ijyb, uniq_grinder
D:6:      layout_cave_pods
D:7:      layout_basic, serial_shops, nicolae_shop_behind_doors, shop,
          shop_coins, shop, chequers_serial_rivers_micro_c,
          kennysheep_decorative_pillar
D:8:      layout_rooms, lemuel_round_altar, minmay_misc_feat_rugged
D:9:      layout_cave_pools, minmay_lair_entry_grove, minivault_5,
          hangedman_minor_gate_pass
Temple:   minmay_temple_curvy_branch
Lair:1:   layout_cave_pods

Skill      XL: |  1  2  3  4  5  6  7  8  9 10 11 |
---------------+----------------------------------+-----
Dodging        | 2 3 4 5 |  5.7
Stealth        | 6 7 8 9 10 11 | 11.1
Fighting       | 3 4 5 6 |  6.6
Throwing       | 3 4 5 6 |  6.1
Short Blades   | 3 4 8 12 | 12.2
Translocations | 1 2 |  2.4

Action                   |  1- 3 |  4- 6 |  7- 9 | 10-12 || total
-------------------------+-------+-------+-------+-------++-------
Melee: Dagger            |    44 |       |    27 |   175 ||   246
       Constrict         |    11 |    18 |    37 |    10 ||    76
       Tentacles         |     5 |    15 |    65 |    35 ||   120
       Short sword       |    13 |    98 |   219 |       ||   330
Throw: Dart              |    28 |    38 |    37 |    10 ||   113
 Cast: Searing Ray       |       |       |       |     6 ||     6
Evoke: Wand              |       |       |     5 |       ||     5
  Use: Scroll            |     1 |     3 |     7 |     1 ||    12
       Potion            |       |     1 |     3 |     1 ||     5
 Stab: Sleeping          |     9 |    10 |    26 |    16 ||    61
       Distracted        |       |       |       |     2 ||     2
Armor: Skin              |     3 |     9 |     9 |     3 ||    24
Dodge: Dodged            |    24 |    40 |   121 |    68 ||   253
